 Dungeon Crawl Stone Soup version 0.24.0-1-gfbc8707122 (webtiles) character file.

Game seed: 10680388999295177992, levelgen mode: deterministic

63 Chiseanne the Skirmisher (level 3, -2/30 HPs)
             Began as a Demonspawn Wanderer on Oct 27, 2019.
             Slain by a killer bee (4 damage)
             ... on level 6 of the Dungeon.
             The game lasted 00:02:22 (1474 turns).

Chiseanne the Skirmisher (Demonspawn Wanderer)      Turns: 1474, Time: 00:02:23

Health: -2/30      AC:  6    Str: 13    XL:     3   Next: 87%
Magic:  4/4        EV:  9    Int: 14    God:
Gold:   120        SH:  0    Dex: 11    Spells: 3/3 levels left

rFire    . . .     SeeInvis .   a - +3 spear
rCold    . . .     Gourm    .   (no shield)
rNeg     . . .     Faith    .   i - +0 scale mail
rPois    .         Spirit   .   (no helmet)
rElec    .         Reflect  .   (no cloak)
rCorr    .         Harm     .   (no gloves)
MR       .....                  (no boots)
Stlth    ..........             (no amulet)
HPRegen  0.10/turn              (no ring)
MPRegen  0.09/turn              (no ring)

@: lethally poisoned (-2 -> -12)
A: hooves 1, demonic guardian 1
a: no special abilities


You were on level 6 of the Dungeon.
You were hungry.

You visited 1 branch of the dungeon, and saw 4 of its levels.

You collected 120 gold pieces.

Inventory:

Hand Weapons
 a - a +3 spear (weapon)
Missiles
 c - 8 boomerangs (quivered)
 g - 51 stones
 h - 12 poisoned darts
 j - 15 sling bullets
 n - 45 arrows
Armour
 d - a +0 robe
 i - a +0 scale mail (worn)
Jewellery
 r - an uncursed ring of stealth {unknown}
Scrolls
 b - a scroll of magic mapping {unknown}
 e - a scroll of teleportation {unknown}
 k - a scroll of identify
 u - a scroll of remove curse
Potions
 l - a potion of berserk rage
 m - a potion of haste {unknown}
 o - a potion of curing
 p - a potion of brilliance {unknown}
 q - a potion of flight {unknown}
 s - a potion of agility {unknown}
 t - a potion of heal wounds {unknown}
 v - a potion of degeneration {unknown}
Comestibles
 f - 5 rations


   Skills:
 * Level 3.7 Fighting
   Level 1.0 Axes
 * Level 1.6 Armour
 * Level 1.7 Dodging
 - Level 1.0 Stealth
   Level 1.0 Shields
 - Level 0.9 Spellcasting
   Level 1.1 Necromancy
   Level 1.7 Earth Magic


You had 3 spell levels left.
You didn't know any spells.
Your spell library contained the following spells:

 Spells                   Type           Power        Failure   Level  Hunger
 Animate Skeleton         Necr           N/A          63%         1    ##.....
 Pain                     Necr           #...         63%         1    ##.....
 Searing Ray              Conj           #.....       88%         2    ###....
 Throw Frost              Conj/Ice       #.....       88%         2    ###....
 Vampiric Draining        Necr           #.........   94%         3    ####...
 Regeneration             Chrm/Necr      #.........   96%         3    ####...
 Animate Dead             Necr           N/A          100%        4    #####..


Dungeon Overview and Level Annotations

Branches:
Dungeon (3/15)

Altars:


Innate Abilities, Weirdness & Mutations

You have large cloven feet.
A weak demonic guardian rushes to your aid.


Message History

You are too injured to fight recklessly!
You are too injured to fight recklessly!
You are too injured to fight recklessly!
You are too injured to fight recklessly!
You are too injured to fight recklessly!
You are too injured to fight recklessly!
You miss the killer bee.
The killer bee is lightly wounded.
The killer bee barely misses you.
Your iron imp hits the killer bee.
The killer bee barely misses you.
You barely miss the killer bee. You kick the killer bee.
The killer bee is severely wounded.
You feel sick. The killer bee stings you.
* * * LOW HITPOINT WARNING * * *
The killer bee closely misses you.
Your iron imp misses the killer bee.
The killer bee stings you.
* * * LOW HITPOINT WARNING * * *
You are more poisoned.
The killer bee poisons you! The killer bee stings you.
You die...

#. ###..
....# #...#
##...###
#......#
######...5..#
............+
###..5.@...#
#...y....#
#...h#####
##...# #.###
#. #. #.


You could see a hound, a killer bee, a friendly iron imp and a friendly
ufetubus.

Vanquished Creatures
  2 adders
  2 dart slugs (D:1)
  A leopard gecko (D:6)
  5 giant cockroaches
  5 goblins
  4 hobgoblins
  2 jackals (D:1)
  A ball python (D:1)
  3 bats (D:1)
  3 frilled lizards (D:1)
  3 kobolds
  7 rats
38 creatures vanquished.

Vanquished Creatures (others)
  A goblin (D:3)
1 creature vanquished.

Grand Total: 39 creatures vanquished

Notes
Turn   | Place    | Note
-------+----------+-------------------------------------------
     0 | D:1      | Chiseanne the Demonspawn Wanderer began the quest for the
                  | Orb.
     0 | D:1      | Chiseanne set off with the following items: a +0 hand axe,
                  | a +0 robe, a ration; and the following spells available to
                  | memorise: Animate Skeleton, Pain, Searing Ray, Throw Frost,
                  | Vampiric Draining, Regeneration, Animate Dead
     0 | D:1      | Reached XP level 1. HP: 18/18 MP: 1/1
    96 | D:1      | Gained mutation: You have large cloven feet. [demonic
                  | ancestry]
    96 | D:1      | Reached XP level 2. HP: 19/24 MP: 2/2
   194 | D:1      | Reached skill level 1 in Dodging
   614 | D:1      | Gained mutation: A weak demonic guardian rushes to your
                  | aid. [demonic ancestry]
   614 | D:1      | Reached XP level 3. HP: 21/29 MP: 4/4
  1154 | D:2      | Found a faded altar of an unknown god.
  1462 | D:3      | You fall into a shaft and drop 3 floors!
  1462 | D:6      | Noticed a killer bee
  1474 | D:6      | Slain by a killer bee

Levels and vault maps discovered:
D:1:      nzn_arrival_crosshair, layout_loops_corners, dk_noncrumbling_4,
          hangedman_decor_growths
D:2:      layout_basic, chequers_ecumenical_altar_lobes, first_ration,
          serial_curves, eino_curves_04, eino_curves_03
D:3:      layout_basic, grunt_temple_overflow_holy_war,
          overflow_temple_1_default, small_statue_intersection, uniq_natasha,
          uniq_terence, uniq_sigmund
D:6:      layout_basic, kennysheep_mini, lemuel_coloured_pillars_altar,
          zin_purify, minmay_temple_entry_slanted, uniq_menkaure

Skill      XL: |  1  2 |
---------------+-------+-----
Dodging        | 1 |  1.7
Fighting       | |  3.7
Axes           | |  1.0
Armour         | |  1.6
Stealth        | |  1.0
Shields        | |  1.0
Spellcasting   | |  0.9
Necromancy     | |  1.1
Earth Magic    | |  1.7

Action                   || total
-------------------------++-------
Melee: Spear             ||   121
       Kick              ||     9
  Use: Scroll            ||     5
 Stab: Sleeping          ||     2
  Eat: Chunk             ||     1
Armor: Robe              ||     3
       Scale mail        ||    36
Dodge: Dodged            ||    50
